Unix NetHack Version 5.0.0-0 post-release - last build May 10 2026 23:12:36 (d1fa5d53e341ca933230fdaa984d921c805b60aa,branch:main).

Game began 2026-05-07 02:24:04, ended 2026-05-11 04:46:36.

Gadzook, neutral male human Wizard

                         ---------------                       %
         ---------       |.............|               ---@----..# ##
         |.......|       |..............########### *%#.)_[[[....[##
         |........#######..............|     #  # #)#[%.%[.[.[.>.####
         |.....^.|#      |.(..*..[.....-#   #          -%|..-.---  #
         |.....<.|#      -------.-------## #             ### #     #  *
         |.......|#            ##        #               ##  #     #
         ---------)            #         ########         #  )     #
                 [*      #################    --.-------     #    ###
                 #             #         ##   |.........#####)##### ##### ----
               $ #            ##          ##  |........|     #    #     # |..|
                 #            #            ###.........|          #     # |..|
                 #            #               |.........#####     #     ##...|
                 #------------.---            |........|    # ----|-      |..|
              *  #|..............|        *   |......*.|    ##|....|      |..|
                 #|..............|            ----------     #|....|      ----
                 #-[......`......+                           #.....|
                  --------|-------                            |....|
                          ^                                   ------
                                                                # #
Gadzook the Enchanter     St:18/04 Dx:17 Co:18 In:18 Wi:17 Ch:12  Neutral
Dlvl:16 $:0  HP:0(116) Pw:155(155) AC:-23 Xp:14/134457 T:57547 

Latest messages:
 N - a potion of healing.
 There is an altar to Thoth (neutral) here.
 You see here a titanothere corpse.
 #
 There is a titanothere corpse here; sacrifice it? [ynq] (n)
 Your sacrifice is consumed in a plume of smoke!
 You have a feeling of reconciliation.
 #
 Are you sure you want to pray? [yn] (n)
 You begin praying to Thoth.
 You are surrounded by a shimmering light.
 You finish your prayer.
 You feel that Thoth is well-pleased.
 You are surrounded by a golden glow.
 A lurker above suddenly appears next to you!
 You hit the lurker above!
 The lurker above folds itself around you!
 You are being squashed!
 You hit the lurker above.
 You hit the lurker above.
 You hit the lurker above.
 You hit the lurker above.
 You are being squashed!
 The magic-absorbing blade cancels the lurker above!
 You kill the lurker above!
 There is an altar to Thoth (neutral) here.
 You see here a werewolf corpse.
 There is a doorway here.
 There are many objects here.
 You see here a werewolf corpse.
 A yellow mold suddenly appears next to you!
 You kill the yellow mold!
 There are several objects here.
 O - a yellow mold corpse.
 #
 What do you want to sacrifice? [O or ?*]
 Your sacrifice is consumed in a plume of smoke!
 You have a hopeful feeling.
 A cockatrice suddenly appears next to you!
 You hit the cockatrice!
 The magic-absorbing blade cancels the cockatrice!
 The cockatrice resists!
 The cockatrice misses!
 The cockatrice misses!
 The magic-absorbing blade scares the cockatrice!
 You kill the cockatrice!
 Touching a cockatrice corpse is a fatal mistake.
 You turn to stone...
 Do you want your possessions identified? [ynq] (y)
 Do you want to see your attributes? [ynq] (y)

Inventory:
 Amulets  ('"')
  f - the blessed Eye of the Aethiopica (being worn)
 Weapons  (')')
  D - 19 rustproof +6 daggers (at the ready)
  A - a +0 elven dagger
  p - the blessed rustproof +2 Magicbane (weapon in right hand)
 Armor    ('[')
  q - a blessed rustproof +4 helm of caution (being worn)
  s - an uncursed corroded +0 pair of gauntlets of power
  G - an uncursed burnt +0 pair of elven boots (being worn)
  b - a blessed +4 cloak of magic resistance (being worn)
  T - a blessed rotproof +4 silver dragon scale mail (being worn)
 Comestibles  ('%')
  L - an uncursed K-ration
 Potions  ('!')
  J - an uncursed potion of extra healing
  N - an uncursed potion of healing
 Wands    ('/')
  W - a wand of digging (0:5)
  y - a wand of lightning (0:8)
  h - a wand of lightning (0:6)
  I - a wand of magic missile (0:7)
  C - a wand of teleportation (0:6)
 Tools    ('(')
  i - a blessed bag of holding containing 14 items
  g - the Bell of Opening (0:3)
  j - the blessed Eyes of the Overworld (being worn)
  t - an uncursed skeleton key
  n - an uncursed towel
  w - a blessed +0 unicorn horn

Contents of the bag of holding:
  an uncursed amulet of flying
  an uncursed +0 elven leather helm
  an uncursed +0 elven leather helm
  an uncursed +3 pair of elven boots
  an uncursed +0 pair of elven boots
  4 uncursed food rations
  3 potions of holy water
  an uncursed ring of conflict
  an uncursed ring of regeneration
  a +0 pick-axe
  an uncursed stethoscope
  a blessed +0 unicorn horn
  4 uncursed diamonds
  2 blessed luckstones

Gadzook the Wizard's attributes:

Background:
 You were an Enchanter, a level 14 male human Wizard.
 You were neutral, on a mission for Thoth
 who was opposed by Ptah (lawful) and Anhur (chaotic).
 You were right-handed.
 You were in the Dungeons of Doom, on level 16.
 You entered the dungeon 57547 turns ago.
 It was nighttime.
 You had 134457 experience points, 25543 more were needed to attain level 15.

Basics:
 You had 0 out of 116 hit points.
 You had all 155 energy points (spell power).
 Your armor class was -23.
 Your wallet was empty.
 Autopickup was on for '$?!/="+' plus thrown, with exceptions.

Final Characteristics:
 Your strength was 18/04 (limit:18/100).
 Your dexterity was 17 (limit:18).
 Your constitution was 18 (limit:18).
 Your intelligence was 18 (limit:18).
 Your wisdom was 17 (limit:18).
 Your charisma was 12 (limit:18).

Final Status:
 You weren't hungry.
 You were unencumbered.
 You were wielding a dagger.
 You had expert skill with dagger.

Final Attributes:
 You were piously aligned.
 You were magic-protected.
 You were fire resistant.
 You were cold resistant.
 You were sleep resistant.
 You were shock resistant.
 You were poison resistant.
 You saw invisible.
 You were telepathic.
 You were warned.
 You were invisible to others.
 You were stealthy.
 You had a moderate defense bonus (+10).
 You were warded.
 You took half spell damage.
 You were fast.
 You had reflection.
 You were very lucky.
 You are dead.

Miscellaneous:
 You encountered 3 bones levels.
 Total elapsed playing time was 17 hours, 25 minutes and 31 seconds.

Major events:
 Turn
    1: Gadzook the neutral male human Wizard entered the dungeon
  994: attained the rank of Conjurer (level 3)
 1426: entered the Gnomish Mines
 2572: attained the rank of Thaumaturge (level 6)
 3110: reached Mine Town
 3397: made his first wish - "+2 blessed greased fixed silver dragon scale mail", got "a greased silver dragon scale mail"
15323: attained the rank of Magician (level 10)
16348: entered Sokoban
16677: entered the Bigroom
18535: completed 1st Sokoban level
19203: completed 2nd Sokoban level
19951: completed 3rd Sokoban level
23985: completed 4th Sokoban level
24283: acquired the Sokoban amulet of reflection
25432: entered Home 1, the Quest
26962: was bestowed with Magicbane by Thoth
29166: acquired the Mines' End luckstone
31500: performed his first genocide (liches)
37162: consulted the Oracle
37475: found Sunsword carried by a monster
38383: killed Medusa
41308: attained the rank of Enchanter (level 14)
43614: made his first artifact wish - "blessed fixed the eyes of the overworld", got "a pair of lenses named the Eyes of the Overworld"
44231: Neferet the Green has granted access to proceed deeper into the quest
44275: entered Home 2, the Quest
44563: entered Home 3, the Quest
45107: entered Home 4, the Quest
45251: entered Home 5, the Quest
45588: entered Home 6, the Quest
45797: found the Eye of the Aethiopica on the floor
45861: killed the Dark One
45863: acquired the Bell of Opening
46071: genocided disenchanters
57547: petrified by a cockatrice corpse

Spells:
 Name                 Level Category     Fail Retention
 force bolt             1   attack         0%   31%-35%
 magic missile          2   attack         0%  96%-100%
 identify               3   divination     0%   31%-35%
 healing                1   healing        0%  76%-100%
 detect monsters        1   divination     0%    (gone)
 light                  1   divination     0%    (gone)
 cure blindness         2   healing        0%    (gone)
 confuse monster        1   enchantment    0%    (gone)
 fireball               4   attack         0%    (gone)
 charm monster          5   enchantment   86%    (gone)
 cure sickness          3   healing       74%  76%-100%
 sleep                  3   enchantment    0%   81%-90%
 invisibility           4   escape        97%  76%-100%
 create monster         2   clerical       0%  76%-100%
 chain lightning        2   attack         0%   86%-90%
 stone to flesh         3   healing       74%  76%-100%

Skills:
 Fighting Skills
   bare handed combat [Unskilled]
   riding             [Unskilled]
 Weapon Skills
   dagger             [Expert]
   knife              [Unskilled]
   axe                [Unskilled]
   short sword        [Unskilled]
   club               [Unskilled]
   mace               [Unskilled]
   quarterstaff       [Basic]
   polearms           [Unskilled]
   spear              [Unskilled]
   trident            [Unskilled]
   sling              [Unskilled]
   dart               [Unskilled]
   shuriken           [Unskilled]
 Spellcasting Skills
   attack spells      [Skilled]
   healing spells     [Unskilled]
   divination spells  [Skilled]
   enchantment spells [Basic]
   clerical spells    [Unskilled]
   escape spells      [Unskilled]
   matter spells      [Unskilled]

Voluntary challenges:
 Character rerolling was not enabled.
 You genocided 2 types of monsters.
 You never polymorphed an object.
 You never changed form.
 You used 2 wishes (1 for an artifact).
 You did not violate any of the special Sokoban rules.
Achievements:
 You entered a shop.
 You attained the rank of Conjurer.
 You entered the Gnomish Mines.
 You attained the rank of Thaumaturge.
 You entered Minetown.
 You entered a temple.
 You attained the rank of Magician.
 You entered Sokoban.
 You entered the Big Room.
 You completed Sokoban.
 You completed the Gnomish Mines.
 You consulted the Oracle of Delphi.
 You defeated Medusa.
 You attained the rank of Enchanter.
 You had the Bell of Opening.
 You learned the tune to open and close the Castle's drawbridge.

 The Dungeons of Doom: levels 1 to 25
    Level 1:
       A sink.
    Level 2:
       A general store, an altar to Thoth.
       Stairs down to The Gnomish Mines.
    Level 3:
       A potion shop.
    Level 4:
    Level 5:
    Level 6:
       A grave.
    Level 7:
       A fountain, a sink, a grave.
       Final resting place for
          maemigh-Val-Dwa-Fem-Law, killed by an Uruk-hai.
    Level 8:
       A fountain, a grave.
       Final resting place for
          asta-Wiz-Elf-Fem-Cha, killed by a pony, while reading a book.
    Level 9:
       Many fountains.
       Oracle of Delphi.
    Level 10:
       A fountain.
       Stairs up to Sokoban, level 9.
    Level 11:
       A grave.
       A very big room.
       Final resting place for
          Gary-Sam-Hum-Mal-Law, killed by a giant ant.
    Level 12:
       A temple and an altar, a fountain.
    Level 13:
    Level 14:
       Some fountains.
    Level 15:
       A fountain, a grave.
       Portal to The Quest.
    Level 16: <- You were here.
       An altar to Thoth.
       Final resting place for
          you, petrified by a cockatrice corpse.
    Level 17:
    Level 18:
       A primitive area.
    Level 19:
    Level 20:
       A fountain.
    Level 21:
       Some altars, a fountain, a sink, a grave.
    Level 22:
       A temple and an altar, a fountain, a grave.
    Level 23:
    Level 24:
    Level 25:
       A throne, a fountain.
       The castle (play notes "FBGDE" to open or close drawbridge).
 The Gnomish Mines: levels 3 to 11
    Level 3:
    Level 4:
    Level 5:
    Level 6:
       Some shops, a temple and an altar, some fountains.
    Level 7:
    Level 8:
    Level 9:
    Level 10:
    Level 11:
       A fountain.
 The Quest: levels 1 to 6
    Level 1:
       Completed quest for Neferet the Green.
    Level 2:
    Level 3:
    Level 4:
    Level 5:
    Level 6:
       A temple and an altar to Thoth.
 Sokoban: levels 9 up to 6
    Level 6:
       Solved.
    Level 7:
       Solved.
    Level 8:
       Solved.
    Level 9:
       Solved.


Vanquished creatures:
    Medusa
 an iron golem
  a master lich
  2 silver dragons
 an orange dragon
  a green dragon
  2 minotaurs
the Dark One
  5 baluchitheria
  a demilich
  a stone golem
  a master mind flayer
  2 Nazgul
  2 displacer beasts
  a titanothere
  4 trappers
  a baby blue dragon
  a guardian naga
  3 genetic engineers
  2 vampire leaders
  2 captains
  2 water trolls
  2 clay golems
  2 nurses
  4 lurkers above
  4 Aleaxes
  3 frost giants
  5 ettins
  5 black puddings
  4 vampires
  8 lieutenants
  5 ghosts
  5 queen bees
  2 winged gargoyles
  4 giant mimics
  3 long worms
  3 zruties
  2 fire giants
  8 ogre tyrants
  2 ice trolls
  7 rock trolls
  5 umber hulks
  a flesh golem
  5 elven monarchs
  a doppelganger
  2 large mimics
  3 wumpuses
  5 couatls
  8 stalkers
 an air elemental
  a fire elemental
  2 earth elementals
  a water elemental
  a hill giant
  3 giant mummies
  a black naga
 11 xorns
  2 giant zombies
 12 elf-nobles
 11 sergeants
  a vrock
 10 wargs
  a winter wolf
  5 small mimics
  3 warhorses
  8 xans
  5 ettin mummies
  4 ogre leaders
  2 quantum mechanics
 13 trolls
  a sasquatch
  6 wood golems
  4 sharks
  8 gelatinous cubes
  a large dog
  8 freezing spheres
  5 flaming spheres
  7 shocking spheres
  3 large cats
  7 tigers
 10 gargoyles
  5 dwarf rulers
 19 tengu
  7 ochre jellies
  a leocrotta
  4 energy vortices
  3 mountain centaurs
 14 stone giants
 an elf mummy
  7 human mummies
  7 red nagas
  5 pythons
  2 pit vipers
  3 cobras
  6 wraiths
  6 ettin zombies
  6 leather golems
  9 Grey-elves
 46 soldiers
  3 amorous demons
  6 chameleons
  2 crocodiles
 11 giant beetles
  4 quivering blobs
 11 cockatrices
 16 wolves
 14 winter wolf cubs
  2 lynxes
  2 panthers
  9 gremlins
  a spotted jelly
 59 leprechauns
  4 orc-captains
 11 iron piercers
  a mumak
  8 giant spiders
  5 scorpions
  2 horses
  4 ice vortices
  a baby long worm
  8 black lights
 63 vampire bats
  5 forest centaurs
  4 gnome rulers
  4 orc mummies
  6 dwarf mummies
 15 ogres
 13 brown puddings
 13 rust monsters
  7 owlbears
  5 yetis
  3 gold golems
  9 werewolves
 15 Green-elves
  6 giant eels
 14 lizards
  7 chickatrices
  a dingo
  a housecat
  6 jaguars
  7 dwarf leaders
  9 blue jellies
  9 white unicorns
  3 black unicorns
  4 dust vortices
  8 ravens
  2 plains centaurs
  5 gnome mummies
  7 snakes
  3 apes
 17 human zombies
  a rope golem
 14 Woodland-elves
 12 soldier ants
  5 fire ants
 11 bugbears
  7 imps
  a lemure
 15 quasits
  9 wood nymphs
  9 water nymphs
  5 mountain nymphs
  4 Mordor orcs
 15 Uruk-hai
  4 orc shamans
 12 rock piercers
  7 rock moles
  2 ponies
 13 fog clouds
 11 yellow lights
  3 shriekers
  7 violet fungi
 21 gnome leaders
 12 gnomish wizards
  7 kobold mummies
  9 gray oozes
  8 barrow wights
  8 elf zombies
  3 ghouls
  3 straw golems
  7 paper golems
  3 jellyfish
 27 giant ants
  a little dog
 27 floating eyes
  2 kittens
 33 dwarves
  8 homunculi
  5 kobold leaders
  2 kobold shamans
 54 hill orcs
 26 rothes
  7 rabid rats
  a centipede
 20 giant bats
  a monkey
  4 orc zombies
  6 dwarf zombies
  4 wererats
  2 werejackals
 19 iguanas
 98 killer bees
  6 acid blobs
  4 coyotes
  4 gas spores
 10 hobbits
 18 manes
 11 large kobolds
 19 hobgoblins
  7 giant rats
 16 cave spiders
  3 brown molds
  6 yellow molds
  2 green molds
  a red mold
 75 gnomes
 18 garter snakes
  4 gnome zombies
 18 geckos
 13 jackals
  2 foxes
  2 kobolds
  8 goblins
  3 sewer rats
 17 grid bugs
  8 bats
 15 lichens
  3 kobold zombies
 12 newts
1810 creatures vanquished.

Genocided species:
 disenchanters
 liches
2 species genocided.

Game over:
                       ----------
                      /          \
                     /    REST    \
                    /      IN      \
                   /     PEACE      \
                  /                  \
                  |     Gadzook      |
                  |       0 Au       |
                  |  petrified by a  |
                  |    cockatrice    |
                  |      corpse      |
                  |                  |
                  |       2026       |
                 *|     *  *  *      | *
        _________)/\\_//(\/(/\)/\//\/|_)_______

Goodbye Gadzook the Wizard...

You turned to stone in The Dungeons of Doom on dungeon level 16 with 483712 points,
and 0 pieces of gold, after 57547 moves.
You were level 14 with a maximum of 116 hit points when you turned to stone.

